Map: Ruins of Seras

Players

Welmu

  • Race: Protoss Protoss
  • League: Grandmaster

viOLet - Winner!

  • Race: Zerg Zerg

Event: DreamHack ZOWIE Open Leipzig

VOD

Have the link to the VOD?

Description

Time

  • Played on: Jan. 22, 2016, 11:04 a.m.
  • Length: 10:42

All games in this series

Show
View Real Time Build Order
Export as new Build Order

Welmu Protoss 

Build Orders: Nexus First, Oracle Opening, Immortal Stalker 

Get SALT Encoding   

  12  0:00  Probe (Chrono Boost)  
  13  0:11  Probe (Chrono Boost)  
  14  0:18  Pylon  
  14  0:22  Probe (Chrono Boost)  
  15  0:36  Probe (Chrono Boost)  
  16  0:47  Probe (Chrono Boost)  
  17  1:01  Nexus  
  17  1:12  Gateway  
  17  1:15  Probe (Chrono Boost)  
  18  1:22  Assimilator  
  18  1:26  Probe (Chrono Boost)  
  18  1:30  Assimilator  
  19  1:37  Probe (Chrono Boost)  
  20  1:47  Probe (Chrono Boost)  
  21  1:58  Probe (Chrono Boost)  
  21  1:59  Cybernetics Core  
  23  2:08  Probe (Chrono Boost)  
  23  2:14  Probe (Chrono Boost)  
  26  2:19  Probe (Chrono Boost)  
  27  2:24  Probe (Chrono Boost), Pylon  
  27  2:29  Probe (Chrono Boost)  
  29  2:33  Probe (Chrono Boost)  
  29  2:36  Adept (Chrono Boost)  
  29  2:37  Warp Gate  
  30  2:40  Mothership Core (Chrono Boost)  
  32  2:45  Probe (Chrono Boost)  
  33  2:51  Stargate  
  33  2:56  Probe (Chrono Boost)  
  34  2:59  Pylon  
  34  3:00  Probe (Chrono Boost)  
  35  3:06  Probe (Chrono Boost)  
  35  3:10  Probe (Chrono Boost)  
  36  3:17  Probe (Chrono Boost)  
  36  3:19  Gateway  
  37  3:21  Probe (Chrono Boost)  
  38  3:27  Gateway, Probe (Chrono Boost)  
  38  3:31  Probe (Chrono Boost)  
  40  3:35  Pylon  
  40  3:41  Pylon  
  40  3:42  Probe (Chrono Boost)  
  41  3:49  Pylon  
  41  3:52  Probe (Chrono Boost)  
  41  3:53  Probe (Chrono Boost), Oracle (Chrono Boost)  
  45  4:04  Probe x2  
  47  4:14  Probe  
  47  4:16  Probe  
  44  4:24  Oracle (Chrono Boost)  
  44  4:25  Probe  
  44  4:28  Probe  
  50  4:35  Probe  
  49  4:39  Pylon  
  49  4:40  Probe  
  49  4:44  Adept x3  
  56  4:46  Probe  
  56  4:52  Probe, Pylon  
  58  4:56  Probe  
  59  5:04  Probe  
  59  5:07  Phoenix (Chrono Boost)  
  62  5:11  Adept x3  
  68  5:26  Nexus  
  68  5:27  Pylon  
  68  5:34  Adept x3  
  74  5:37  Pylon  
  74  5:39  Probe  
  74  5:40  Probe  
  73  5:50  Probe  
  73  5:52  Probe  
  73  5:53  Assimilator  
  73  5:55  Assimilator  
  75  5:59  Robotics Facility  
  75  6:00  Probe  
  75  6:04  Probe  
  77  6:16  Probe  
  76  6:19  Void Ray (Chrono Boost)  
  79  6:29  Probe  
  79  6:30  Probe  
  75  6:34  Assimilator  
  75  6:36  Assimilator  
  75  6:37  Probe  
  70  6:40  Probe  
  70  6:42  Probe  
  66  6:48  Zealot  
  66  6:49  Probe, Zealot x2  
  66  6:50  Immortal (Chrono Boost), Probe  
  78  6:56  Probe, Void Ray  
  79  7:04  Probe  
  79  7:05  Pylon  
  84  7:09  Zealot x3  
  84  7:13  Probe  
  84  7:14  Probe x2  
  83  7:25  Immortal (Chrono Boost), Probe x2  
  83  7:26  Probe  
  83  7:28  Gateway  
  88  7:30  Gateway  
  88  7:38  Robotics Facility  
  88  7:39  Twilight Council  
  88  7:42  Zealot x3  
  94  7:51  Pylon  
  94  7:54  Pylon  
  94  7:57  Probe  
  93  8:01  Pylon  
  93  8:03  Pylon  
  93  8:05  Pylon  
  93  8:09  Stalker  
  93  8:10  Stalker x2  
  99  8:13  Immortal (Chrono Boost)  
  99  8:18  Blink (Chrono Boost)  
  103  8:30  Immortal  
  103  8:31  Sentry x2  
  103  8:33  Sentry, Stalker x2  
  117  8:47  Gateway  
  116  8:48  Gateway  
  116  8:51  Probe  
  116  8:52  Probe  
  116  8:53  Probe  
  116  8:54  Gateway  
  116  8:55  Immortal  
  118  9:01  Probe  
  122  9:02  Sentry  
  122  9:04  Probe  
  122  9:06  Sentry  
  122  9:07  Sentry x2, Pylon  
  132  9:14  Immortal  
  136  9:18  Stalker  
  138  9:29  Immortal  
  136  9:31  Stalker x2  
  144  9:38  Stalker x2  
  148  9:48  Stalker  
  148  9:49  Stalker  
  148  9:50  Stalker  
  154  9:53  Immortal  
  154  9:54  Pylon  
  154  9:56  Stalker  
  160  10:01  Pylon  
  160  10:10  Stalker x3  
  160  10:13  Stalker  
  139  10:17  Stalker x2  
  127  10:27  Stalker  
  103  10:34  Stalker  
  103  10:35  Stalker  
Show
View Real Time Build Order
Export as new Build Order

viOLet Zerg - Winner!

Build Orders: Hatch First, Roach Zergling 

Get SALT Encoding   

  12  0:00  Drone  
  13  0:13  Overlord  
  13  0:18  Drone  
  14  0:31  Drone x2  
  14  0:35  Drone  
  17  0:53  Hatchery  
  17  0:56  Drone  
  17  1:00  Drone  
  18  1:05  Extractor  
  18  1:07  Drone  
  18  1:20  Spawning Pool  
  18  1:21  Drone  
  18  1:28  Drone  
  19  1:41  Drone  
  20  1:54  Drone  
  21  2:06  Queen x2  
  21  2:07  Metabolic Boost  
  25  2:09  Zergling x4  
  25  2:12  Overlord  
  27  2:22  Drone  
  28  2:32  Drone x2  
  30  2:41  Hatchery  
  30  2:42  Drone  
  30  2:43  Drone  
  31  2:50  Overlord  
  31  2:52  Drone  
  31  2:55  Drone  
  33  3:01  Evolution Chamber  
  33  3:05  Drone x2  
  34  3:14  Zergling x8  
  34  3:16  Zergling x4  
  40  3:20  Zergling x4  
  40  3:24  Overlord  
  42  3:29  Zergling x2  
  43  3:38  Zergling x2  
  43  3:42  Zergling x2  
  43  3:48  Queen  
  43  3:51  Drone x3  
  43  3:52  Drone x3  
  51  3:55  Overlord  
  51  3:57  Queen  
  53  4:05  Drone x2  
  55  4:14  Drone x2  
  55  4:15  Zerg Melee Weapons Level 1  
  53  4:24  Drone x5  
  53  4:27  Drone x2  
  58  4:34  Spore Crawler  
  58  4:35  Drone x2  
  57  4:38  Drone x2  
  57  4:39  Drone  
  57  4:40  Spore Crawler  
  57  4:43  Drone  
  60  4:46  Overlord  
  60  4:48  Roach Warren  
  60  4:49  Spore Crawler  
  58  4:57  Overlord  
  58  4:59  Drone x3  
  61  5:03  Drone  
  61  5:04  Drone x2  
  61  5:06  Extractor  
  63  5:07  Drone x2, Extractor  
  63  5:09  Overlord  
  63  5:10  Drone x2  
  66  5:17  Overlord  
  66  5:18  Drone x2, Queen  
  66  5:19  Queen  
  72  5:40  Overlord  
  72  5:42  Roach x5  
  84  5:43  Roach x2  
  84  5:44  Roach x3  
  89  5:52  Overlord x2  
  89  5:55  Lair  
  89  5:59  Zergling x6  
  89  6:00  Zergling x6  
  95  6:09  Roach, Zergling x2  
  98  6:12  Roach  
  98  6:17  Zergling x2  
  98  6:18  Zergling x2  
  100  6:20  Overlord x2  
  100  6:25  Zergling x6  
  102  6:30  Zergling x6  
  102  6:31  Zergling x2  
  103  6:34  Roach, Zergling x2  
  103  6:39  Overlord  
  105  6:46  Drone x5  
  105  6:47  Drone  
  109  6:48  Drone x2  
  109  6:50  Drone x2  
  109  6:53  Extractor x2  
  111  6:55  Zerg Missile Weapons Level 1, Glial Reconstitution  
  111  7:03  Drone x4  
  111  7:05  Hatchery  
  111  7:06  Hydralisk Den  
  111  7:08  Drone x2  
  112  7:09  Extractor  
  94  7:27  Overlord x2  
  94  7:28  Overlord x2  
  90  7:36  Hydralisk x5  
  90  7:37  Hydralisk  
  94  7:38  Hydralisk x2, Muscular Augments  
  106  7:45  Hydralisk  
  106  7:46  Hydralisk x2  
  106  7:49  Overlord  
  106  7:50  Hydralisk x2  
  116  7:53  Hydralisk  
  118  7:59  Hydralisk  
  118  8:00  Hydralisk  
  118  8:03  Hydralisk  
  122  8:08  Hydralisk x2  
  122  8:11  Drone  
  122  8:12  Drone x8  
  135  8:25  Drone x6  
  140  8:29  Baneling Nest, Roach x3  
  144  8:36  Roach x4, Extractor  
  144  8:38  Spore Crawler, Extractor  
  149  8:41  Overlord  
  149  8:42  Overlord  
  149  8:45  Roach x3  
  157  8:48  Roach  
  157  8:53  Roach x6  
  159  8:56  Overseer  
  159  9:00  Zergling x4  
  161  9:04  Zergling x2  
  161  9:05  Zergling x10  
  167  9:11  Roach x2, Zergling x2  
  167  9:15  Zergling x4  
  174  9:23  Zergling x8  
  176  9:32  Zergling x14  
  176  9:38  Baneling x15  
  183  9:39  Baneling x3  
  183  9:40  Overlord x2  
  183  10:00  Zergling x26  
  187  10:11  Zergling x12  
  168  10:14  Zergling x2  
  168  10:21  Zergling x10  
  161  10:23  Zergling x10  
  146  10:39  Spire  

Tags
 
Add a new tag
Caveats
  • Supply blocks, unpowered buildings, or Contaminate may cause inaccurate times.
  • Supply counts are checked every 10 seconds.